 Dungeon Crawl Stone Soup version 0.25.1-4-g9407a263a5 (webtiles) character file.

Game seed: 11354229182996133528

219456 Garmo the Warrior (level 18, -4/174 HPs)
             Began as a Yellow Draconian Fire Elementalist on Nov 23, 2020.
             Was the Champion of Vehumet.
             Slain by a faun
             ... wielding a cursed -1 club
             ... led by a satyr
              (16 damage)
             ... on level 2 of the Shoals on Nov 25, 2020.
             The game lasted 04:24:25 (61215 turns).

Garmo the Warrior (DrFE)                           Turns: 61215, Time: 04:24:26

Health: -4/174     AC: 20    Str: 13    XL:     18   Next: 44%
Magic:  5/35       EV: 19    Int: 20    God:    Vehumet [******]
Gold:   1351       SH:  6    Dex: 15    Spells: 4/43 levels left

rFire    . . .     SeeInvis .   a - +8 demon trident (vamp) {!w}
rCold    + . .     Gourm    .   J - +1 buckler {reflect}
rNeg     . . .     Faith    .   (armour unavailable)
rPois    +         Spirit   .   (helmet restricted)
rElec    .         Reflect  +   V - +0 cloak {rPois}
rCorr    +         Harm     .   O - +1 pair of gloves of the Other World {Int-2 Dex+4}
MR       +....                  f - +2 pair of boots {Stlth+}
Stlth    +++.......             W - amulet of regeneration
HPRegen  0.79/turn              p - +4 ring of protection
MPRegen  0.24/turn              o - ring of protection from cold

@: engulfed (cannot breathe), very slightly contaminated, slowed, very slow
A: spit acid, unfitting armour, acidic bite, cold-blooded, acid resistance, AC
+10
}: 1/15 runes: serpentine
a: Breathe Acid, Renounce Religion


You were on level 2 of the Shoals.
You worshipped Vehumet.
Vehumet was exalted by your worship.
You were not hungry.

You visited 6 branches of the dungeon, and saw 31 of its levels.
You also visited: Ossuary, Gauntlet, Ice Cave and Volcano.

You collected 3493 gold pieces.
You spent 2142 gold pieces at shops.

Inventory:

Hand Weapons
 a - a +8 vampiric demon trident (weapon) {!w}
   (You took it off Urug on level 1 of the Lair of Beasts)
 b - the +9 fustibalus of War {flame, rPois Int-2 Dex+2}
   (You found it in an ice cave)

   It causes projectiles fired from it to burn those they strike, causing extra
   injury to most foes and up to half again as much damage against particularly
   susceptible opponents.
   It affects your intelligence (-2).
   It affects your dexterity (+2).
   It protects you from poison.
Missiles
 k - 9 throwing nets (quivered) {!f}
 P - 8 curare-tipped darts {!f}
Armour
 f - a +2 pair of boots of stealth (worn)
   (You found it in a volcano)
 J - a +1 buckler of reflection (worn)
   (You found it on level 2 of the Shoals)
 O - the +1 pair of gloves of the Other World (worn) {Int-2 Dex+4}
   (You found it in a Gauntlet)

   It affects your intelligence (-2).
   It affects your dexterity (+4).
 V - a +0 cloak of poison resistance (worn)
   (You bought it in a shop on level 4 of the Dungeon)
Jewellery
 l - an uncursed ring of protection from magic
   (You found it on level 2 of the Dungeon)
 o - a ring of protection from cold (right hand)
   (You found it on level 1 of the Dungeon)
 p - a +4 ring of protection (left hand)
   (You found it in a Gauntlet)
 z - an uncursed ring of see invisible
   (You found it on level 5 of the Lair of Beasts)
 C - an uncursed ring of protection from cold
   (You found it in an ice cave)
 N - an uncursed ring of protection from magic
   (You found it in a Gauntlet)
 W - an amulet of regeneration (around neck)
   (You found it on level 5 of the Lair of Beasts)
Wands
 c - a wand of disintegration (32)
   (You found it on level 1 of the Lair of Beasts)
 d - a wand of iceblast (60)
   (You found it on level 8 of the Dungeon)
 t - a wand of flame (41)
   (You found it on level 8 of the Dungeon)
 u - a wand of paralysis (22)
   (You found it on level 4 of the Dungeon)
 v - a wand of digging (12)
   (You found it on level 8 of the Dungeon)
 x - a wand of acid (44)
   (You took it off Maggie on level 8 of the Dungeon)
 y - a wand of enslavement (23)
   (You found it on level 4 of the Dungeon)
 F - a wand of polymorph (22)
   (You found it on level 1 of the Lair of Beasts)
 T - a wand of clouds (9)
   (You found it on level 11 of the Dungeon)
Scrolls
 g - 4 scrolls of enchant armour
 i - 3 scrolls of teleportation {@r4}
 j - 4 scrolls of blinking
 n - a scroll of holy word
 w - 14 scrolls of identify {@r1}
 A - a scroll of summoning
 B - 4 scrolls of magic mapping
 E - 2 scrolls of fog
 Q - 3 scrolls of fear
 U - 8 scrolls of remove curse {@r2}
Potions
 m - 11 potions of lignification {!q}
 q - a potion of invisibility
 r - 3 potions of brilliance
 s - 7 potions of cancellation
 D - a potion of resistance
 G - 3 potions of flight
 I - 2 potions of ambrosia
 K - a potion of mutation {!q}
 L - 11 potions of haste {@q3}
 M - 17 potions of curing {@q1}
 R - 4 potions of might
 S - a potion of magic
 Y - 4 potions of heal wounds {@q2}
Miscellaneous
 H - a phantom mirror
 X - a lightning rod (4/4) {!a}
   (You found it on level 13 of the Dungeon)
Comestibles
 e - 28 rations {!d}


   Skills:
 + Level 18.9 Fighting
 - Level 10.0 Dodging
 - Level 1.7 Stealth
 - Level 5.0 Shields
 - Level 13.0 Spellcasting
 + Level 11.1 Conjurations
 + Level 9.8 Summonings
 - Level 10.0 Fire Magic
 - Level 11.0 Ice Magic
 - Level 7.0 Earth Magic
 - Level 8.0 Evocations


You had 4 spell levels left.
You knew the following spells:

 Your Spells              Type           Power        Failure   Level  Hunger
a - Spellforged Servitor  Conj/Summ      ######....   16%         7    #######
b - Frozen Ramparts       Ice            ######       1%          3    None
c - Ozocubu's Refrigerat  Ice            ######....   2%          6    #####..
d - Conjure Flame         Conj/Fire      ######..     1%          3    None
e - Iron Shot             Conj/Erth      #####.....   5%          6    #####..
f - Mephitic Cloud        Conj/Pois/Air  ####....     1%          3    None
q - Sticky Flame          Conj/Fire      ######..     1%          4    None
s - Searing Ray           Conj           ######       1%          2    None
x - Fireball              Conj/Fire      ######....   1%          5    ####...

Your spell library contained the following spells:

 Spells                   Type           Power        Failure   Level  Hunger
 Chain Lightning          Conj/Air       #####.....   100%        8    #######
 Fire Storm               Conj/Fire      ######....   100%        9    #######
 Shatter                  Erth           #####.....   100%        9    #######
 Foxfire                  Conj/Fire      ####         1%          1    None
 Freeze                   Ice            ####         1%          1    None
 Shock                    Conj/Air       ####         1%          1    None
 Inner Flame              Hex/Fire       ####....     1%          3    None
 Ozocubu's Armour         Chrm/Ice       #####...     1%          3    None
 Recall                   Summ/Tloc      N/A          1%          3    None
 Static Discharge         Conj/Air       #####...     1%          3    None
 Hailstorm                Conj/Ice       ######..     1%          4    None
 Summon Ice Beast         Ice/Summ       ######..     1%          4    None
 Infusion                 Chrm           ##..         4%          1    None
 Ice Form                 Ice/Tmut       #####...     5%          4    None
 Poisonous Vapours        Pois/Air       ##....       8%          2    None
 Shroud of Golubria       Chrm/Tloc      ##....       8%          2    None
 Slow                     Hex            ##......     8%          2    None
 Song of Slaying          Chrm           ##......     8%          2    None
 Swiftness                Chrm/Air       ##......     8%          2    None
 Spectral Weapon          Hex/Chrm       ##......     16%         3    None
 Animate Dead             Necr           N/A          45%         4    None
 Starburst                Conj/Fire      ######....   3%          6    #####..
 Irradiate                Conj/Tmut      #####.....   4%          5    ####...
 Freezing Cloud           Conj/Ice/Air   #####.....   11%         6    #####..
 Metabolic Englaciation   Hex/Ice        #####.....   14%         5    ####...
 Summon Mana Viper        Hex/Summ       ####....     19%         5    ####...
 Conjure Ball Lightning   Conj/Air       #####.....   21%         6    #####..
 Borgnjor's Vile Clutch   Necr/Erth      ####......   32%         5    ####...
 Simulacrum               Ice/Necr       #####.....   63%         6    #####..
 Silence                  Hex/Air        ##........   80%         5    ####...
 Statue Form              Tmut/Erth      ####.....    88%         6    #####..
 Ring of Flames           Chrm/Fire      ####......   99%         7    #######
 Death Channel            Necr           ##........   100%        6    #####..
 Hydra Form               Tmut           ##........   100%        6    #####..
 Dragon Form              Tmut           ##........   100%        7    #######


Dungeon Overview and Level Annotations

Branches:
Dungeon (15/15)            Temple (1/1) D:7            Lair (6/6) D:8
 Shoals (3/4) Lair:4        Snake (4/4) Lair:2        Slime (0/5) Lair:5
    Orc (2/2) D:10            Elf (0/3) Orc:2        Vaults (0/5) D:13
 Depths (0/5) D:15        Ossuary (visited)           IceCv (visited)
Volcano (visited)         Gauntlet (visited)

Altars:
Ashenzari
Cheibriados
Dithmenos
Elyvilon
Fedhas
Gozag
Hepliaklqana
Kikubaaqudgha
Makhleb
Nemelex Xobeh
Okawaru
Qazlal
Ru
Sif Muna
Trog
Uskayaw
Vehumet
Wu Jian
Xom
Yredelemnul
Zin
The Shining One
Beogh
Jiyva

Shops:
D:4 [[**   D:15 [   Orc:1 *   Orc:2 (*==   Snake:2 *

Portals:
Trove: D:11 (give 7 potions of haste)

Annotations:
D:7 3 transporters
D:9 exclusion: orange crystal statue
Lair:5 1 runed translucent door
Snake:2 3 runed translucent doors, Dyna's ghost, adept MiBe
Snake:3 1 runed translucent door


Innate Abilities, Weirdness & Mutations

You can spit globs of acid.
Your golden yellow scales are hard. (AC +10)
You cannot fit into any form of body armour.
You have acidic saliva.
You are cold-blooded and may be slowed by cold attacks.
You are resistant to acid. (rCorr)


Message History

The water elemental hits you.
The water elemental engulfs you in water!
The merfolk impaler hits you but does no damage.
A water elemental comes into view.
You rip the net and break free!
Your lungs strain for air!
The faun closely misses you. You block the merfolk impaler's attack.
A merfolk aquamancer comes into view. It is wielding a +0 rapier.
The water elemental hits you. You block the merfolk impaler's attack.
You block the faun's attack. The water elemental misses you.
A snapping turtle comes into view.
Your lungs strain for air!
The merfolk impaler closely misses you.
The merfolk throws a throwing net.
The throwing net misses you.
You hear a splash.
The faun hits you with a cursed -1 club.
The merfolk impaler hits you from afar with a +0 trident!
* * * LOW HITPOINT WARNING * * *
The water elemental hits you!
* * * LOW HITPOINT WARNING * * *
The merfolk impaler closely misses you.
You climb upwards.
* * * LOW HITPOINT WARNING * * *
Your lungs strain for air!
The sentinel's mark upon you fades away.
There is a stone staircase leading down here.
You are too injured to fight recklessly!
Attack whom?
Aim: a water elemental
Okay, then.
You puncture the water elemental!
* * * LOW HITPOINT WARNING * * *
Your lungs strain for air!
The water elemental misses you.
The faun hits you with a cursed -1 club.
* * * LOW HITPOINT WARNING * * *
The water elemental completely misses you.
You block the faun's attack.
You cannot drink potions in your current state!
You cannot read scrolls while unable to breathe!
Aim: a faun, wielding a -1 club and quivering 12 stones (chance to defeat MR: 51%)
Okay, then.
Aim: a faun, wielding a -1 club and quivering 12 stones (chance to defeat MR: 51%)
The faun resists with significant effort.
* * * LOW HITPOINT WARNING * * *
Your lungs strain for air!
You can drink potions again.
The water elemental completely misses you.
The faun hits you with a cursed -1 club!
You die...

P...≈≈≈...≈..###...≈≈≈≈≈≈≈≈≈≈≈≈≈
≈P...≈≈.....## ##".)≈≈≈≈≈≈≈≈≈≈≈≈
...P...P....#####.≈≈≈≈≈≈≈≈≈≈≈≈≈≈
P.P.....#.......≈≈≈≈≈≈≈≈≈≈≈≈≈≈≈≈
..P.#########....≈≈≈≈≈≈≈≈≈≈≈≈≈≈≈
##..###..# ###..≈≈≈≈≈≈≈≈≈≈≈≈≈≈≈≈
.#.......###.....≈≈...≈≈≈≈≈≈≈≈≈≈
[#.≈≈..P.......E.≈>....≈≈≈≈≈≈≈≈≈
##..............@..###..≈≈≈≈≈≈≈≈
.#..P≈≈≈.≈.....c....##..≈≈≈≈≈≈≈≈
.#.≈≈≈≈≈≈≈<...≈≈≈......≈≈≈≈≈≈≈≈≈
.#.≈≈≈≈≈≈≈...≈≈≈≈..#..≈≈≈≈≈≈≈≈≈≈
.#..≈≈≈≈≈≈≈≈....≈..##..≈≈≈≈≈≈≈≈≈
.#.≈≈≈≈≈≈≈≈(....≈..###.≈≈≈≈≈≈≈≈≈
.#.≈≈≈≈≈≈≈(..##....[..≈≈≈≈≈≈≈≈≈≈
##.≈≈≈≈≈≈≈.###....≈≈..≈≈≈≈≈≈≈≈≈
.#.≈≈≈<.)≈.##........≈≈≈≈≈≈≈≈≈≈


You could see a faun and a water elemental.

Vanquished Creatures
  Jorgrun (D:14)
  Kirke (D:14)
  7 nagarajas
  An orc warlord (Orc:1)
  A frost giant (IceCv)
  A dire elephant (D:15)
  A minotaur (Gauntlet)
  Snorg (Lair:3)
  Erolcha (D:13)
  A merfolk javelineer (Shoals:3)
  A great orb of eyes (Gauntlet)
  5 hydras
  Fannar (Lair:1)
  12 naga warriors
  3 ogre magi
  Harold (D:7)
  5 vault guards (D:13)
  A death knight (D:14)
  4 anacondas
  A centaur warrior (D:15)
  13 two-headed ogres
  A merfolk avatar (Shoals:3)
  4 merfolk aquamancers (Shoals:2)
  2 tengu warriors (D:15)
  7 death yaks
  Urug (Lair:1)
  15 naga sharpshooters
  Sonja (Lair:3)
  7 shock serpents
  A deep elf knight (D:13)
  A hell knight (Volcano)
  An unseen horror (D:15)
  3 salamander mystics
  4 skeletal warriors (D:15)
  19 sea snakes
  2 harpies (Shoals:2)
  A wizard (D:13)
  4 naga ritualists
  2 orc knights
  Pikel (D:5)
  A phantasmal warrior (D:14)
  7 mana vipers
  An orc sorcerer (D:13)
  7 cyclopes
  4 fauns
  3 oklob plants (Lair:5)
  A deep elf mage (D:15)
  19 salamanders
  A moth of wrath (Gauntlet)
  11 ugly things
  13 manticores
  Maurice (D:11)
  2 merfolk sirens (Shoals:2)
  A guardian serpent (Snake:2)
  An ice statue (IceCv)
  2 torpor snails
  24 naga magi
  4 water nymphs
  31 black mambas
  6 centaur skeletons
  A molten gargoyle (Volcano)
  5 gargoyles
  27 spiny frogs
  4 kobold demonologists
  Maggie (D:8)
  3 freezing wraiths (D:14)
  5 rime drakes
  A yaktaur (Shoals:3)
  A nameless horror (Shoals:2)
  7 komodo dragons
  An efreet (D:15)
  A demonic crawler (D:10)
  18 polar bears
  A queen bee (Lair:1)
  2 hornets
  2 trolls
  17 merfolk
  13 hippogriffs
  A wind drake (Shoals:3)
  9 slime creatures
  Prince Ribbit (D:9)
  18 blink frogs
  3 tyrant leeches (Lair:6)
  4 snapping turtles
  9 dream sheep
  A centaur simulacrum (D:14)
  A spriggan (Lair:3)
  2 vampires
  2 wraiths
  3 shadows
  3 wyverns
  68 yaks
  4 small abominations (Gauntlet)
  8 fire bats
  A human (D:8)
  7 water elementals
  9 hogs
  6 vampire mosquitoes (Lair:6)
  3 basilisks
  A hungry ghost (D:10)
  51 nagas
  4 wargs
  2 swamp worms (D:10)
  28 water moccasins
  7 porcupines
  A hell hound (D:13)
  A large abomination (Gauntlet)
  50 orc warriors
  5 ice beasts
  6 sky beasts
  2 black bears
  2 necrophages
  14 ogres
  A hornet zombie (D:13)
  37 wolves
  6 phantoms
  27 centaurs
  11 crocodiles
  7 big kobolds
  31 bullfrogs
  A gnoll sergeant (D:9)
  An elf zombie (Ossuary)
  A hornet simulacrum (D:15)
  20 killer bees
  A wyvern skeleton (D:8)
  2 scorpions
  4 wights (D:9)
  A howler monkey (D:9)
  2 troll zombies (D:10)
  15 electric eels
  8 lava snakes
  6 crimson imps
  6 centaur zombies
  3 hounds
  A quasit (D:9)
  3 human zombies (Ossuary)
  2 jellies
  18 orc priests
  26 orc wizards
  A bullfrog skeleton (D:8)
  An iguana (D:6)
  11 hell rats
  9 worker ants
  A killer bee zombie (D:5)
  4 ogre zombies (D:10)
  A big kobold zombie (Ossuary)
  3 mummies (Ossuary)
  A howler monkey zombie (D:10)
  A worker ant zombie (D:6)
  9 gnolls
  32 adders
  2 river rats (Lair:5)
  4 shadow imps
  3 white imps (D:8)
  2 ufetubi (D:8)
  An adder skeleton (D:5)
  3 adder zombies (Ossuary)
  2 worms
  3 dart slugs
  5 leopard geckos
  108 orcs
  7 giant cockroaches
  8 goblins
  5 hobgoblins
  19 jackals
  4 quokkas
  2 ball pythons
  10 bats
  4 frilled lizards
  A giant cockroach zombie (D:5)
  6 goblin zombies
  6 hobgoblin zombies
  A jackal simulacrum (D:8)
  5 jackal zombies (Ossuary)
  29 kobolds
  4 kobold zombies (Ossuary)
  A leopard gecko skeleton (D:8)
  3 orc skeletons (D:10)
  14 orc zombies
  3 quokka zombies (Ossuary)
  11 rats
  2 rat zombies (Ossuary)
  3 fire vortices (D:13)
  A foxfire (D:6)
  10 fungi
  70 plants
1404 creatures vanquished.

Vanquished Creatures (collateral kills)
  Louise (Shoals:1)
  2 merfolk javelineers
  A merfolk aquamancer (Shoals:2)
  A sea snake (Shoals:2)
  A harpy (Shoals:2)
  A faun (Shoals:1)
  3 manticores (Shoals:1)
  A cyclops (Shoals:1)
  2 merfolk sirens
  5 merfolk
  A snapping turtle (Shoals:1)
  2 dream sheep (Shoals:1)
21 creatures vanquished.

Vanquished Creatures (others)
  A polar bear (IceCv)
  A yak (IceCv)
  11 wolves (IceCv)
  A phantom (D:6)
  A centaur (D:6)
  2 crimson imps (D:6)
  An adder (Lair:1)
  5 orcs
  1869 foxfires
  6 fungi
  48 plants
1946 creatures vanquished.

Grand Total: 3371 creatures vanquished

Notes
Turn   | Place    | Note
-------+----------+-------------------------------------------
     0 | D:1      | Garmo the Draconian Fire Elementalist began the quest for
                  | the Orb.
     0 | D:1      | Reached XP level 1. HP: 14/14 MP: 3/3
   361 | D:1      | Reached XP level 2. HP: 21/22 MP: 1/5
   665 | D:1      | Reached skill level 1 in Fighting
  1227 | D:2      | Reached XP level 3. HP: 28/28 MP: 3/6
  1681 | D:2      | Found a sacrificial altar of Ru.
  1852 | D:2      | Reached XP level 4. HP: 36/36 MP: 1/7
  2126 | D:2      | Reached skill level 2 in Fighting
  2960 | D:3      | Found a sparkling altar of Nemelex Xobeh.
  3018 | D:3      | Found a shadowy altar of Dithmenos.
  3184 | D:3      | Reached XP level 5. HP: 42/42 MP: 7/9
  3184 | D:3      | Noticed a necrophage
  3191 | D:3      | Killed a necrophage
  3549 | D:4      | Found Keydde's General Store.
  3761 | D:4      | Found a sand-covered staircase.
  3775 | Ossuary  | Entered an ossuary
  4009 | Ossuary  | Reached skill level 3 in Fighting
  4009 | Ossuary  | Reached XP level 6. HP: 45/51 MP: 6/11
  4872 | Ossuary  | Reached skill level 4 in Fighting
  4872 | Ossuary  | Your scales start taking on a golden yellow colour.
  4872 | Ossuary  | Reached XP level 7. HP: 42/59 MP: 3/13
  4872 | Ossuary  | Gained mutation: You are resistant to acid. (rCorr) [Yellow
                  | Draconian growth]
  5308 | D:4      | Reached skill level 5 in Fire Magic
  5471 | D:4      | Found Qeohiorph's General Store.
  5723 | D:4      | Reached skill level 5 in Fighting
  5735 | D:4      | Reached skill level 5 in Spellcasting
  5938 | D:4      | Found Seumava's Armour Boutique.
  5945 | D:4      | Bought a +0 cloak of poison resistance for 85 gold pieces
  5945 | D:4      | Bought a +0 pair of boots for 45 gold pieces
  5945 | D:4      | Bought a +0 pair of gloves for 45 gold pieces
  5966 | D:4      | Found Cuymedism's Armour Boutique.
  6262 | D:5      | Entered Level 5 of the Dungeon
  6605 | D:3      | Learned a level 3 spell: Conjure Flame
  6610 | D:3      | Learned a level 4 spell: Sticky Flame
  6616 | D:3      | Learned a level 5 spell: Fireball
  6730 | D:5      | Reached XP level 8. HP: 65/69 MP: 16/16
  7523 | D:4      | Found Keydde's General Store.
  7568 | D:4      | Found Seumava's Armour Boutique.
  7583 | D:4      | Found Cuymedism's Armour Boutique.
  7863 | D:4      | Found Qeohiorph's General Store.
  8361 | D:6      | Found an opulent altar of Gozag.
  8505 | D:6      | Reached skill level 6 in Fighting
  8829 | D:6      | Noticed Pikel
  8856 | D:5      | Killed Pikel
 10027 | D:7      | Reached XP level 9. HP: 78/78 MP: 14/18
 10138 | D:7      | Reached skill level 7 in Fighting
 10365 | D:7      | Found a glowing golden altar of the Shining One.
 10376 | D:7      | Found a hazy altar of Hepliaklqana.
 10454 | D:7      | Reached skill level 5 in Conjurations
 10512 | D:7      | Found a transporter.
 10526 | D:7      | Found a transporter.
 10526 | D:7      | Found a transporter.
 10571 | D:7      | Found a transporter.
 10630 | D:7      | Found a transporter.
 11680 | D:7      | Found a staircase to the Ecumenical Temple.
 11795 | Temple   | Entered the Ecumenical Temple
 11977 | Temple   | Became a worshipper of Vehumet
 12207 | D:8      | Noticed Harold
 12207 | D:8      | Noticed a polar bear
 12249 | D:7      | Killed a polar bear
 12471 | D:8      | Noticed a polar bear
 12484 | D:8      | Noticed a polar bear
 12487 | D:8      | Killed a polar bear
 12487 | D:8      | Reached skill level 8 in Fighting
 12503 | D:8      | Killed a polar bear
 12816 | D:8      | Reached XP level 10. HP: 90/90 MP: 5/21
 13671 | D:7      | Found a transporter.
 13673 | D:7      | Found a transporter.
 13752 | D:7      | Killed Harold
 13752 | D:7      | Reached skill level 9 in Fighting
 14301 | D:8      | Reached * piety under Vehumet
 14301 | D:8      | Offered knowledge of Sandblast by Vehumet.
 14335 | D:8      | Found a staircase to the Lair.
 14549 | D:8      | Reached skill level 10 in Fighting
 14946 | D:8      | Noticed Maggie
 15046 | D:8      | Killed Maggie
 15898 | D:9      | Reached XP level 11. HP: 73/101 MP: 3/23
 16638 | D:9      | Found an ornate altar of the Wu Jian Council.
 16642 | D:9      | Found a shimmering altar of Xom.
 16643 | D:9      | Found a glowing silver altar of Zin.
 16644 | D:9      | Found a burning altar of Makhleb.
 16644 | D:9      | Found a sparkling altar of Nemelex Xobeh.
 16646 | D:9      | Found a shimmering blue altar of Sif Muna.
 16649 | D:9      | Found a snail-covered altar of Cheibriados.
 16702 | D:9      | Noticed Prince Ribbit
 16718 | D:9      | Killed Prince Ribbit
 16722 | D:9      | Reached ** piety under Vehumet
 16737 | D:9      | Offered knowledge of Searing Ray by Vehumet.
 16740 | D:9      | Noticed an orange crystal statue
 17936 | D:10     | Entered Level 10 of the Dungeon
 17953 | D:10     | Learned a level 2 spell: Searing Ray
 18165 | D:10     | Offered knowledge of Dazzling Flash by Vehumet.
 18439 | D:10     | Reached *** piety under Vehumet
 18624 | D:10     | Found a staircase to the Orcish Mines.
 18992 | D:10     | Offered knowledge of Static Discharge by Vehumet.
 20916 | D:11     | Reached skill level 11 in Fighting
 21002 | D:11     | Reached **** piety under Vehumet
 21895 | D:11     | Noticed Maurice
 21895 | D:11     | Noticed a five-headed hydra
 22069 | D:11     | Killed a five-headed hydra
 22132 | D:11     | Killed Maurice
 22440 | D:11     | Found a portal to a secret trove of treasure.
 22517 | D:11     | Offered knowledge of Mephitic Cloud by Vehumet.
 22530 | D:11     | Learned a level 3 spell: Mephitic Cloud
 23079 | D:11     | Found a roughly hewn altar of Beogh.
 23754 | Lair:1   | Entered Level 1 of the Lair of Beasts
 23773 | Lair:1   | Noticed a five-headed hydra
 23779 | Lair:1   | Killed a five-headed hydra
 23779 | Lair:1   | Reached XP level 12. HP: 71/110 MP: 19/25
 23798 | Lair:1   | Noticed Urug
 23829 | Lair:1   | Noticed Fannar
 23879 | Lair:1   | Found a frozen archway.
 23888 | IceCv    | Entered an ice cave
 25363 | IceCv    | Got a slimy fustibalus
 25721 | IceCv    | Reached skill level 10 in Conjurations
 25721 | IceCv    | Reached skill level 10 in Fire Magic
 25834 | IceCv    | Reached skill level 12 in Fighting
 26056 | IceCv    | Noticed a death yak
 26076 | IceCv    | Killed a death yak
 26076 | IceCv    | Reached skill level 10 in Spellcasting
 26754 | IceCv    | Noticed a frost giant
 26765 | IceCv    | Killed a frost giant
 26798 | IceCv    | Reached skill level 13 in Fighting
 27285 | IceCv    | Learned a level 3 spell: Frozen Ramparts
 27292 | IceCv    | Learned a level 6 spell: Ozocubu's Refrigeration
 27344 | Lair:1   | Reached skill level 5 in Dodging
 27361 | Lair:1   | Reached skill level 1 in Ice Magic
 27836 | Lair:1   | Killed Fannar
 27957 | Lair:1   | Killed Urug
 27969 | Lair:1   | Identified the +9 fustibalus of War {flame, rPois Int-2
                  | Dex+2} (You found it in an ice cave)
 28156 | Lair:1   | Reached XP level 13. HP: 122/122 MP: 22/27
 28713 | Lair:1   | Got a crude quarterstaff
 28733 | Lair:1   | Reached ***** piety under Vehumet
 28747 | Lair:1   | Offered knowledge of Orb of Destruction by Vehumet.
 28761 | Lair:1   | Identified the cursed +0 quarterstaff of Reapportionment
                  | {protect, rPois MP+9} (You found it on level 1 of the Lair
                  | of Beasts)
 29830 | Lair:2   | Found a dark tunnel.
 29839 | Volcano  | Entered a volcano
 30085 | Volcano  | Reached skill level 5 in Ice Magic
 30222 | Volcano  | Found a bloodstained altar of Trog.
 30873 | Volcano  | Found a bloodstained altar of Trog.
 31612 | Lair:2   | Found a staircase to the Snake Pit.
 32069 | Lair:3   | Found a gate leading to a gauntlet.
 32078 | Gauntlet | Entered a Gauntlet
 32078 | Gauntlet | Found a runed translucent gate.
 32078 | Gauntlet | Found a transporter.
 32078 | Gauntlet | Found a transporter.
 32078 | Gauntlet | Found a transporter.
 32079 | Gauntlet | Found a transporter.
 32080 | Gauntlet | Found a transporter.
 32081 | Gauntlet | Found a runed translucent gate.
 32082 | Gauntlet | Found a runed translucent gate.
 32083 | Gauntlet | Found a transporter.
 32087 | Gauntlet | Found a runed translucent door.
 32087 | Gauntlet | Found a runed translucent door.
 32090 | Gauntlet | Found a transporter.
 32091 | Gauntlet | Found a transporter.
 32092 | Gauntlet | Found a transporter.
 32094 | Gauntlet | Found a transporter.
 32103 | Gauntlet | Found a transporter.
 32103 | Gauntlet | Found a transporter.
 32403 | Gauntlet | Reached skill level 14 in Fighting
 32487 | Gauntlet | Identified the Catalogue of Hexes
 32490 | Gauntlet | Got a pair of warped gloves
 32501 | Gauntlet | Identified the +1 pair of gloves of the Other World {Int-2
                  | Dex+4} (You found it in a Gauntlet)
 32514 | Gauntlet | HP: 4/124 [red ugly thing (15)]
 32909 | Gauntlet | Identified the cursed +0 longbow of Dishonesty {venom,
                  | *Drain Dex+4 Stlth+}
 32909 | Gauntlet | Noticed a minotaur
 32963 | Gauntlet | Killed a minotaur
 32997 | Gauntlet | Identified the Catalogue of the Congealing Blaze
 33106 | Lair:3   | Noticed Sonja
 33113 | Lair:3   | Killed Sonja
 33380 | Lair:3   | Offered knowledge of Airstrike by Vehumet.
 33383 | Lair:3   | Noticed Snorg
 33790 | Lair:3   | Gained mutation: You have acidic saliva. [Yellow Draconian
                  | growth]
 33790 | Lair:3   | Reached XP level 14. HP: 102/132 MP: 28/28
 34053 | Lair:3   | Killed Snorg
 35562 | Lair:4   | Found a staircase to the Shoals.
 36183 | Lair:4   | Reached skill level 10 in Ice Magic
 36472 | Lair:4   | Offered knowledge of Lee's Rapid Deconstruction by Vehumet.
 36951 | Lair:4   | Found a staircase to the Shoals.
 37820 | Lair:5   | Found a runed translucent door.
 37837 | Lair:5   | Found a viscous altar of Jiyva.
 37838 | Lair:5   | Noticed an acid blob
 37838 | Lair:5   | Noticed an acid blob
 37839 | Lair:5   | Found a staircase to the Slime Pits.
 38823 | Lair:6   | Entered Level 6 of the Lair of Beasts
 38826 | Lair:6   | Reached skill level 15 in Fighting
 39322 | Lair:6   | Reached XP level 15. HP: 135/141 MP: 26/29
 39797 | Lair:6   | Upgraded the game from 0.25.1-3-ge44b62a0b3 to
                  | 0.25.1-4-g9407a263a5
 40338 | Lair:6   | Found an ancient bone altar of Kikubaaqudgha.
 41025 | D:12     | Reached skill level 1 in Evocations
 41347 | Orc:1    | Entered Level 1 of the Orcish Mines
 41349 | Orc:1    | Noticed an orc warlord
 41355 | Orc:1    | Killed an orc warlord
 41375 | Orc:1    | Offered knowledge of Lightning Bolt by Vehumet.
 41692 | Orc:2    | Entered Level 2 of the Orcish Mines
 41972 | Orc:1    | Found Deokho's General Store.
 42020 | Orc:1    | Found a roughly hewn altar of Beogh.
 42240 | Orc:2    | Found a staircase to the Elven Halls.
 42748 | Orc:2    | Found Adosufaeli's Assorted Antiques.
 42748 | Orc:2    | Found Atrur's Jewellery Shoppe.
 42750 | Orc:2    | Found Sejuca's Jewellery Emporium.
 42752 | Orc:2    | Found Pudgh's Weapon Boutique.
 42789 | Orc:2    | Reached ****** piety under Vehumet
 42971 | Orc:2    | Found a roughly hewn altar of Beogh.
 43068 | Orc:2    | Found a roughly hewn altar of Beogh.
 43469 | Orc:2    | Bought a scroll of fear for 108 gold pieces
 43469 | Orc:2    | Bought a potion of haste for 310 gold pieces
 43469 | Orc:2    | Bought a glistering book for 465 gold pieces
 43469 | Orc:2    | Bought a scroll of magic mapping for 108 gold pieces
 43469 | Orc:2    | Bought a paperback book for 465 gold pieces
 43469 | Orc:2    | Bought a scroll labeled UTSEHO RERAS for 31 gold pieces
 43469 | Orc:2    | Bought a scroll of teleportation for 93 gold pieces
 43531 | Orc:1    | Bought a scroll of teleportation for 36 gold pieces
 43531 | Orc:1    | Bought a scroll of identify for 24 gold pieces
 43531 | Orc:1    | Bought a scroll of amnesia for 42 gold pieces
 43531 | Orc:1    | Bought a potion of cancellation for 96 gold pieces
 43531 | Orc:1    | Bought a scroll of enchant armour for 90 gold pieces
 43975 | D:13     | Offered knowledge of Bolt of Magma by Vehumet.
 44001 | D:13     | Noticed Erolcha
 44008 | D:13     | Killed Erolcha
 44225 | D:13     | Reached skill level 10 in Dodging
 44812 | D:13     | Found a gate to the Vaults.
 44823 | D:13     | Reached skill level 16 in Fighting
 45438 | D:14     | Noticed Jorgrun
 45448 | D:14     | Killed Jorgrun
 45878 | D:14     | Reached skill level 5 in Evocations
 46519 | D:14     | Noticed Kirke
 46528 | D:14     | Killed Kirke
 46538 | D:14     | Reached XP level 16. HP: 152/152 MP: 16/32
 47060 | D:15     | Entered Level 15 of the Dungeon
 47215 | D:15     | Found a basalt altar of Yredelemnul.
 47725 | D:15     | Offered knowledge of Spellforged Servitor by Vehumet.
 47737 | D:15     | Learned a level 7 spell: Spellforged Servitor
 48048 | D:15     | Reached skill level 1 in Summonings
 48907 | D:15     | Found a staircase to the Depths.
 48940 | D:15     | Found Gairookk's Armour Shop.
 49462 | Snake:1  | Entered Level 1 of the Snake Pit
 49498 | Snake:1  | Reached skill level 1 in Shields
 49950 | Snake:1  | Reached skill level 17 in Fighting
 51190 | Snake:2  | Found Poadumutt's Assorted Antiques.
 51199 | Snake:2  | Bought a scroll of teleportation for 99 gold pieces
 51289 | Snake:2  | Found a runed translucent gate.
 51290 | Snake:2  | Found a runed translucent gate.
 51439 | Snake:2  | Found a runed translucent gate.
 51440 | Snake:2  | Noticed Dyna's ghost (adept MiBe)
 51727 | Snake:2  | Offered knowledge of Iron Shot by Vehumet.
 51743 | Snake:2  | Learned a level 6 spell: Iron Shot
 52304 | Snake:3  | Reached skill level 1 in Earth Magic
 52320 | Snake:3  | Reached skill level 5 in Summonings
 52320 | Snake:3  | Reached XP level 17. HP: 114/161 MP: 9/34
 53138 | Snake:3  | Found a runed translucent door.
 54053 | Snake:3  | Identified the +8 morningstar "Ilul" {vorpal, SInv}
 54161 | Snake:4  | Entered Level 4 of the Snake Pit
 54175 | Snake:4  | Reached skill level 5 in Shields
 55498 | Snake:4  | Offered knowledge of Fire Storm by Vehumet.
 55498 | Snake:4  | Offered knowledge of Shatter by Vehumet.
 55498 | Snake:4  | Offered knowledge of Chain Lightning by Vehumet.
 55608 | Snake:4  | Reached skill level 5 in Earth Magic
 56229 | Snake:4  | Reached skill level 18 in Fighting
 56635 | Snake:4  | HP: 8/163 [poisoned by a nagaraja (poison arrow)]
 57763 | Snake:4  | Got a serpentine rune of Zot
 58110 | Shoals:1 | Entered Level 1 of the Shoals
 58110 | Shoals:1 | Noticed Louise
 58122 | Shoals:1 | Killed Louise
 58649 | Shoals:1 | Reached XP level 18. HP: 169/173 MP: 29/35
 59714 | Shoals:1 | HP: 8/173 [poisoned by a sea snake]
 59719 | Shoals:1 | HP: 7/173 [poisoned by a sea snake]
 61215 | Shoals:2 | Slain by a faun

Illustrated notes

Levels and vault maps discovered:
D:1:      dpeg_arrival_boxes_within_box, layout_loops_ring, minmay_cut_off
D:2:      layout_loops_ring, marbit_many_paths, chequers_serial_rivers_micro_e,
          minmay_quadrilaterals
D:3:      layout_basic, lemuel_doored_altar, first_ration, nemelex_altar_shiori
D:4:      layout_loops_ring, nicolae_ossuary_entry_ruins, serial_shops, shop,
          kennysheep_mini_moat, nicolae_shop_statue_plus, shop
D:5:      layout_layer_cave
D:6:      layout_loops_ring, grunt_gozag_statues, corexii_leaking_fountain,
          minmay_misc_feat_pillars, uniq_pikel
D:7:      gammafunk_the_bubble [the_bubble_gammafunk_roulette],
          layout_loops_corners, amethyst_overflow_temple_binary, temple_hall,
          serial_bayou_lagoon_a, minivault_26, minmay_manual_monstrance
D:8:      layout_basic, erik_lair_orcish_takeover, serial_ice, serial_ice_n,
          serial_ice_k, serial_ice_h, serial_ice_g, serial_ice_f, serial_ice_a,
          serial_ice_d, serial_ice_e, serial_ice_c, serial_ice_o,
          grunt_livestock, chequers_decorated_corner, uniq_maggie, uniq_harold
D:9:      layout_loops_ring, minitemple, minmay_protected_statue,
          uniq_prince_ribbit1
D:10:     layout_basic, zombieorc1_lemuel, minmay_misc_feat_ornament,
          worms_lemuel
D:11:     cheibrodos_helix_gallery, layout_basic, special_room
          [special_room_orc], nicolae_trove_entry_crystal, uniq_maurice
D:12:     layout_roguey
D:13:     layout_loops_ring, grunt_vaults_entry_fortified, serial_glass,
          glass_columns_b, glass_columns_a, hangedman_incinerator, uniq_erolcha
D:14:     layout_roguey, uniq_kirke, uniq_jorgrun
D:15:     hangedman_depths_entry_try_elsewhere_first, layout_irregular_city,
          serial_shops, shop, minmay_splitting_lines, basic_altar,
          serial_park_tiny_pond
Temple:   jpeg_temple_alley_garden
Lair:1:   lemuel_reptile_caves, layout_gridlike, special_room
          [special_room_bee], portal_ice_cave_entry_pillars_2, uniq_fannar,
          uniq_urug
Lair:2:   layout_hall_layers, minmay_snake_entry_guardpost_medium,
          nicolae_volcano_entry_hallway, grunt_megastairs_3
Lair:3:   layout_cave_pods, gauntlet_entry_generic,
          grunt_forest_large_clearings, uniq_sonja, uniq_snorg
Lair:4:   layout_long_grid, elwin_shoals_entry_rocks
Lair:5:   layout_regular_city, slime_altar_2, pond, infiniplex_staircase_pool_2,
          lemuel_fruit_tree, grunt_megastairs_5, minmay_lair_oklob_chamber
Lair:6:   minmay_lair_end_frog_pond, layout_concentric_octagons,
          lemuel_centaur_altar
Shoals:1: layout_shoals, uniq_louise
Shoals:2: cheibrodos_shoals_three_sisters, layout_shoals
Shoals:3: layout_shoals, yaktaur_hedge
Snake:1:  layout_onion, serial_bayou_shore_a, serial_bayou_shore_b
Snake:2:  layout_basic, gammafunk_ghost_necromancy, serial_shops,
          nicolae_shop_overgrown_old_shop
Snake:3:  layout_chambers, nrook_loot_triangle, lightli_airlock
Snake:4:  snake_pit, layout_misc_corridors, st_stairs_5, serial_bayou_shore_b
Orc:1:    layout_caves, serial_shops, shop, basic_altar
Orc:2:    st_orc_rangers, layout_diamond_mine, hangedman_feature_mirror

Skill      XL: |  1  2  3  4  5  6  7  8  9 10 11 12 13 14 15 16 17 18 |
---------------+-------------------------------------------------------+-----
Fighting       | 1 2 3 4 5 6 8 10 11 13 14 15 16 17 18 | 18.9
Conjurations   | 2 3 4 6 8 9 10 11 | 11.1
Spellcasting   | 3 4 5 6 7 8 9 10 12 13 | 13.0
Fire Magic     | 4 5 6 7 8 9 10 | 10.0
Dodging        | 5 7 9 10 | 10.0
Ice Magic      | 3 8 10 11 | 11.0
Evocations     | 5 8 |  8.0
Summonings     | 5 8 9 |  9.8
Shields        | 4 5 |  5.0
Earth Magic    | 1 7 |  7.0
Stealth        | |  1.7

Action                   |  1- 3 |  4- 6 |  7- 9 | 10-12 | 13-15 | 16-18 || total
-------------------------+-------+-------+-------+-------+-------+-------++-------
Melee: Dagger            |    26 |    62 |    11 |       |       |       ||    99
       Tailslap          |     3 |     7 |    24 |    23 |    43 |    11 ||   111
       Falchion          |       |       |   141 |       |       |       ||   141
       Whip              |       |       |    85 |   154 |       |       ||   239
       Demon trident     |       |       |       |       |   292 |   130 ||   422
       Quarterstaff      |       |       |       |       |    36 |       ||    36
       Bite              |       |       |       |       |    23 |    12 ||    35
       Unarmed           |       |       |       |       |     2 |       ||     2
Throw: Throwing net      |       |       |     1 |       |     1 |     1 ||     3
 Cast: Foxfire           |    63 |   158 |   304 |   679 |   145 |       ||  1349
       Conjure Flame     |       |       |     9 |    12 |       |       ||    21
       Sticky Flame      |       |       |     5 |    60 |     5 |       ||    70
       Fireball          |       |       |       |    16 |     1 |       ||    17
       Searing Ray       |       |       |       |   102 |   236 |   336 ||   674
       Frozen Ramparts   |       |       |       |     8 |    53 |     1 ||    62
       Ozocubu's Refrige |       |       |       |       |   127 |   160 ||   287
       Iron Shot         |       |       |       |       |       |    11 ||    11
       Spellforged Servi |       |       |       |       |       |    10 ||    10
 Abil: Breathe Acid      |       |       |     3 |     3 |       |     3 ||     9
Evoke: Wand              |       |       |     2 |     8 |     4 |    11 ||    25
  Use: Scroll            |       |     6 |    11 |    16 |    13 |    12 ||    58
       Potion            |       |     1 |     1 |     5 |     3 |     1 ||    11
 Stab: Sleeping          |     1 |     1 |     2 |       |     5 |       ||     9
       Confused          |       |       |       |       |     3 |       ||     3
  Eat: Chunk             |     4 |     5 |    13 |    36 |    67 |    47 ||   172
       Ration            |       |     1 |     4 |     6 |    10 |    18 ||    39
Armor: Skin              |    16 |    22 |   158 |   278 |   229 |   211 ||   914
Dodge: Dodged            |    21 |    51 |   236 |   435 |   676 |   524 ||  1943
Block: Buckler           |       |       |       |       |       |   123 ||   123
       Reflection        |       |       |       |       |       |     3 ||     3
       Rpst.: Falchion   |       |       |    34 |       |       |       ||    34
